 Dungeon Crawl Stone Soup version 0.27.1-3-gb3d3a73c9e (webtiles) character file.

Game seed: 16624079936941327500

871 bpung the Skirmisher (level 8, -5/51 HPs)
             Began as a Gargoyle Fighter on Oct 20, 2021.
             Was a Follower of Okawaru.
             Slain by Pikel (7 damage)
             ... on level 5 of the Dungeon.
             The game lasted 00:11:15 (6220 turns).

bpung the Skirmisher (Gargoyle Fighter)             Turns: 6220, Time: 00:11:16

Health: -5/51      AC: 15    Str: 21    XL:     8   Next: 3%
Magic:  9/10       EV: 12    Int: 10    God:    Okawaru [*.....]
Gold:   188        SH: 13    Dex: 17    Spells: 7/7 levels left

rFire    . . .     SeeInvis .   a - +1 flail
rCold    . . .     Faith    +   c - +1 kite shield
rNeg     + . .     Spirit   .   b - +0 scale mail
rPois    ∞         Reflect  .   q - +0 helmet
rElec    +         Harm     .   o - scarf {+Inv}
rCorr    .         Rampage  .   (no gloves)
Will     .....                  (no boots)
Stlth    ++........             h - amulet of faith
HPRegen  0.17/turn              l - +6 ring of dexterity
MPRegen  0.12/turn              (no ring)

@: heroic
A: sickness immunity, AC +5, negative energy resistance 1, electricity
resistance, torment resistance 1, petrification resistance, agile 1, evolution 1
a: Renounce Religion, Evoke Invisibility, Heroism


You were on level 5 of the Dungeon.
You worshipped Okawaru.
Okawaru was aware of your devotion.
You visited 1 branch of the dungeon, and saw 5 of its levels.
You also visited: Ossuary.

You collected 188 gold pieces.

Inventory:

Hand Weapons
 a - a +1 flail (weapon)
 m - a +0 hunting sling
Missiles
 n - 10 poisoned darts (quivered)
 p - 102 stones
Armour
 b - a +0 scale mail (worn)
 c - a +1 kite shield (worn)
 o - a scarf of invisibility (worn)
 q - a +0 helmet (worn)
Jewellery
 g - a +6 ring of intelligence
 h - an amulet of faith (around neck)
 l - a +6 ring of dexterity (left hand)
 s - an amulet of reflection
Scrolls
 f - a scroll of summoning
 k - 3 scrolls of identify
 r - 2 scrolls of magic mapping
 w - a scroll of enchant weapon
Potions
 d - a potion of might
 i - a potion of ambrosia
 j - 3 potions of curing
 v - a potion of flight
 x - a potion of cancellation


   Skills:
 + Level 5.6(10.6) Fighting
 + Level 4.5(9.5) Maces & Flails
 + Level 5.6(10.6) Armour
 + Level 5.5(10.5) Shields
 + Level 2.7 Invocations


You had 7 spell levels left.
You didn't know any spells.
Your spell library contained the following spells:

 Spells                   Type           Power      Damage    Failure   Level
 Magic Dart               Conj           0%         1d3       83%         1
 Call Imp                 Summ           0%         N/A       93%         2
 Mephitic Cloud           Conj/Pois/Air  0%         N/A       99%         3


Dungeon Overview and Level Annotations

Branches:
Dungeon (5/15)            Ossuary (visited)
 Temple: D:4-7

Altars:
Fedhas
Okawaru
Wu Jian
Xom
The Shining One

Shops:
D:1 (   D:4 [

Annotations:
D:3 Terence
D:5 Pikel


Innate Abilities, Weirdness & Mutations

You are immune to sickness and miasma.
Your stone body is resilient. (AC +5)
You are immune to poison.
You resist negative energy. (rN+)
You are resistant to electric shocks. (rElec)
You are resistant to unholy torment.
You are immune to petrification.
You are agile. (Dex +2)
You evolve.


Message History

You block Pikel's attack. x2
You barely miss Pikel.
Pikel is moderately wounded.
Pikel misses you.
You hit Pikel but do no damage.
Pikel is moderately wounded.
Pikel barely misses you. You block Pikel's attack.
You miss Pikel.
Pikel is lightly wounded.
Pikel hits you but does no damage. Pikel barely misses you.
You hit Pikel but do no damage.
Pikel is lightly wounded.
Pikel hits you but does no damage.
You miss Pikel.
Pikel is lightly wounded.
Pikel hits you with a +2 whip of flaming!
Pikel burns you.
Pikel hits you with a +2 whip of flaming.
Pikel burns you.
You thump Pikel!
Pikel is moderately wounded.
You block Pikel's attack.
You hit Pikel but do no damage.
Pikel is moderately wounded.
Pikel hits you but does no damage. x2
You hit Pikel.
Pikel is moderately wounded.
You block Pikel's attack.
You completely miss Pikel.
Pikel is moderately wounded.
You block Pikel's attack. Pikel hits you but does no damage.
You closely miss Pikel.
Pikel is moderately wounded.
You block Pikel's attack.
You closely miss Pikel.
Pikel is moderately wounded.
Pikel hits you with a +2 whip of flaming!
* * * LOW HITPOINT WARNING * * *
Pikel burns you!
You die...

### #.. #.# ### #.# #..
## #.## #.# # .##
#.##.##5##.#
..###########.##....5..#
....(........>#####5#
#.#######.###...@K55#
#..# #.# #.####### ##.#
#†# #.# #.# #.# #.# #.##
#.# #.# #..# #.# #..
##.## #.# ### #..# #)#
##.## #.#


You could see Pikel (berserk) and 3 lemures.

Vanquished Creatures
  A black bear (D:5)
  An ice beast (D:3)
  A phantom (D:4)
  A scorpion (D:3)
  A howler monkey (D:5)
  A bullfrog zombie (D:5)
  A centaur zombie (Ossuary)
  2 human zombies (Ossuary)
  A hound (D:5)
  2 bullfrog skeletons (D:5)
  An orc wizard (D:3)
  4 mummies (Ossuary)
  Robin (D:4)
  6 adders
  7 gnolls
  2 ufetubi (D:5)
  An adder skeleton (D:4)
  An adder zombie (D:5)
  A worm (D:3)
  2 dart slugs
  3 orcs (D:3)
  6 endoplasms
  7 giant cockroaches
  A gnoll zombie (Ossuary)
  14 goblins
  13 hobgoblins
  7 jackals
  7 kobolds
  7 quokkas
  2 ball pythons
  6 bats
  4 frilled lizards (D:2)
  A goblin zombie (Ossuary)
  A hobgoblin zombie (Ossuary)
  2 orc zombies (Ossuary)
  3 rats
122 creatures vanquished.

Notes
Turn   | Place    | Note
-------+----------+-------------------------------------------
     0 | D:1      | bpung the Gargoyle Fighter began the quest for the Orb.
     0 | D:1      | Reached XP level 1. HP: 14/14 MP: 1/1
    46 | D:1      | Found Qeqoq's Antique Weapon Shoppe.
   379 | D:1      | Reached XP level 2. HP: 19/19 MP: 2/2
  1234 | D:2      | Reached XP level 3. HP: 19/24 MP: 3/3
  1616 | D:2      | Reached XP level 4. HP: 25/29 MP: 4/4
  2312 | D:3      | Found an ornate altar of the Wu Jian Council.
  2313 | D:3      | Noticed Terence
  2339 | D:3      | Noticed a scorpion
  2353 | D:3      | Killed a scorpion
  2354 | D:3      | Reached XP level 5. HP: 26/33 MP: 5/5
  2588 | D:3      | Noticed an ice beast
  2598 | D:3      | Killed an ice beast
  2599 | D:3      | Reached XP level 6. HP: 39/39 MP: 6/6
  2675 | D:3      | Found a blossoming altar of Fedhas.
  3382 | D:4      | Found an iron altar of Okawaru.
  3397 | D:4      | Became a worshipper of Warmaster Okawaru
  3468 | D:4      | Found Muba's Antique Armour Boutique.
  3520 | D:4      | Found a sand-covered staircase.
  3529 | Ossuary  | Entered an ossuary
  4061 | Ossuary  | Reached skill level 1 in Invocations
  4328 | Ossuary  | Reached skill level 5 in Fighting
  4328 | Ossuary  | Reached skill level 5 in Armour
  4384 | Ossuary  | Reached XP level 7. HP: 44/44 MP: 7/7
  4416 | Ossuary  | Gained mutation: You evolve. [potion of mutation]
  4416 | Ossuary  | Gained mutation: You occasionally shout uncontrollably at
                  | your foes. [potion of mutation]
  4416 | Ossuary  | Gained mutation: You are agile. (Dex +2) [potion of
                  | mutation]
  4522 | D:4      | Found a glowing golden altar of the Shining One.
  4698 | D:4      | Reached skill level 5 in Shields
  4764 | D:4      | Noticed Robin
  4791 | D:4      | Killed Robin
  5227 | D:4      | Found a shimmering altar of Xom.
  5509 | D:5      | Entered Level 5 of the Dungeon
  5833 | D:5      | Reached * piety under Okawaru
  5913 | D:5      | Lost mutation: You occasionally shout uncontrollably at
                  | your foes. [evolution]
  5999 | D:5      | Reached XP level 8. HP: 51/51 MP: 8/10
  6196 | D:5      | Noticed Pikel
  6220 | D:5      | HP: 2/51 [Pikel (15)]
  6220 | D:5      | Slain by Pikel

Illustrated notes

Levels and vault maps discovered:
D:1:      kennysheep_arrival_forest, layout_loops_ring, serial_shops, shop,
          st_stairs_10
D:2:      minmay_angry_zag, layout_basic
D:3:      layout_basic, nicolae_overflow_hidden_temple,
          nicolae_overflow_crystal_walls, uniq_terence
D:4:      layout_basic, lemuel_tele_altar, okawaru_metal_pillars_1_2,
          tso_metal_star, serial_shops, nicolae_shop_statue_plus,
          chequers_ossuary_entry_cave, uniq_robin
D:5:      layout_basic, grunt_tough_drop, uniq_pikel

Skill      XL: |  1  2  3  4  5  6  7 |
---------------+----------------------+-----
Fighting       | 4 5 |  5.6
Maces & Flails | 3 4 |  4.5
Armour         | 4 5 |  5.6
Shields        | 4 5 |  5.5
Invocations    | 1 2 |  2.7

Action                   |  1- 3 |  4- 6 |  7- 9 || total
-------------------------+-------+-------+-------++-------
Melee: Flail             |   150 |   210 |   164 ||   524
Invok: Heroism           |       |       |     1 ||     1
  Use: Potion            |       |     5 |     6 ||    11
       Scroll            |       |     4 |     4 ||     8
 Stab: Distracted        |       |     1 |       ||     1
Armor: Scale mail        |   106 |   110 |   121 ||   337
       Skin              |       |     3 |       ||     3
Dodge: Dodged            |    58 |    49 |    65 ||   172
Block: Kite shield       |   102 |   102 |   136 ||   340
